 Dungeon Crawl Stone Soup version 0.14.1-11-gf908b15 (webtiles) character file.

393 bryaneu the Ruinous (level 5, -3/28 HPs)
             Began as a Deep Elf Conjurer on June 1, 2014.
             Shot with an arrow of dispersal by a centaur (17 damage)
             ... on Level 9 of the Dungeon.
             The game lasted 00:16:30 (4452 turns).

bryaneu the Ruinous (Deep Elf Conjurer)             Turns: 4452, Time: 00:16:31

HP  -3/28        AC  2     Str  5      XL: 5   Next: 84%
MP  16/19        EV 13     Int 21      God:
Gold 148         SH  0     Dex 15      Spells:  1 memorised, 14 levels left

rFire  . . .     SeeInvis .     f - +2,+0 short sword
rCold  . . .     Clarity  .     a - +0 robe
rNeg   . . .     Conserve .     (no shield)
rPois  .         rCorr    .     (no helmet)
rElec  .         rRot     .     (no cloak)
SustAb . .       Spirit   .     (no gloves)
rMut   .         Warding  .     (no boots)
Saprov . . .     Stasis   .     (no amulet)
MR     .....                    (no ring)
                                (no ring)

@: not resistant to hostile enchantments, stealthy
A: no striking features
a: no special abilities


You were on level 9 of the Dungeon.
You were full.

You visited 1 branch of the dungeon, and saw 9 of its levels.

You collected 148 gold pieces.

Inventory:

Hand weapons
 f - a +2,+0 short sword (weapon)
Missiles
 s - 16 stones (quivered)
Armour
 a - a +0 robe (worn)
Magical devices
 v - a wand of draining (2) {unknown}
Comestibles
 b - 6 bread rations
Scrolls
 d - a scroll of fog {unknown}
 h - 3 scrolls of recharging {unknown}
 i - a scroll of amnesia {unknown}
 j - a scroll of teleportation {unknown}
 o - 2 scrolls of remove curse {unknown}
 q - a scroll of fear {unknown}
 r - 3 scrolls of enchant weapon I {unknown}
 t - a scroll of magic mapping {unknown}
Jewellery
 k - an uncursed amulet of inaccuracy {unknown}
 p - an uncursed amulet of resist corrosion {unknown}
 u - an uncursed amulet of conservation {unknown}
Potions
 e - 6 potions of heal wounds
 g - 3 potions of curing {unknown}
 l - a potion of magic {unknown}
 m - a potion of agility {unknown}
 n - a potion of lignification {unknown}
Books
 c - a book of Conjurations

   Spells                             Type                      Level
   *Magic Dart                        Conjuration                  1
   Searing Ray                        Conjuration                  2
   Dazzling Spray                     Conjuration/Hexes            3
   Fulminant Prism                    Conjuration/Hexes            4
   Iskenderun's Mystic Blast          Conjuration                  4
   Iskenderun's Battlesphere          Conjuration/Charms           5


   Skills:
 + Level 3.5 Dodging
 + Level 3.1 Stealth
 + Level 5.5 Spellcasting
 + Level 6.0 Conjurations


You had 14 spell levels left.
You knew the following spells:

 Your Spells              Type           Power        Failure   Level  Hunger
a - Magic Dart            Conj           ####         1%          1    None


Dungeon Overview and Level Annotations

Branches:
Dungeon (9/15)             Temple (0/1) D:4
    Orc: D:9-12        Lair: D:8-11

Altars:
Ashenzari
Okawaru
Vehumet

Annotations:
D:3 exclusions: player ghost and 2 more exclusions, random's ghost, average MiFi
D:6 1 exclusion
D:7 Edmund; Menkaure
D:8 3 exclusions


Message History

Casting: Magic Dart
Confirm with . or Enter, or press ? or * to list all spells.
Aiming: Magic Dart
Press: ? - help, Shift-Dir - straight line, f/p - ogre
Aim: an ogre, wielding a giant club (moderately wounded)
The magic dart hits the ogre.
The ogre is severely wounded.
The centaur shoots an arrow of dispersal.
The arrow of dispersal misses you.
Casting: Magic Dart
Confirm with . or Enter, or press ? or * to list all spells.
Aiming: Magic Dart
Press: ? - help, Shift-Dir - straight line, f/p - ogre
Aim: an ogre, wielding a giant club (severely wounded)
The magic dart hits the ogre.
The ogre is severely wounded.
The centaur shoots an arrow of dispersal.
The arrow of dispersal hits you!
You blink.
Ouch! That really hurt!
You die...

######
#...?#
#.$@.#
#....#
#..(.#
#....#
#.$ยง$#
#....#
#....#
#....#
#..O.#


You could see an ogre.

Vanquished Creatures
  2 iguanas
  2 worker ants
  Ijyb (D:7)
  4 adders
  A giant mite (D:5)
  2 shadow imps
  2 orc zombies (D:7)
  6 giant geckos
  An orc (D:4)
  2 giant cockroaches
  4 goblins
  10 hobgoblins
  2 jackals (D:3)
  10 kobolds
  A ball python (D:3)
  11 bats
  3 giant newts
  3 quokkas
  4 rats
71 creatures vanquished.

Notes
Turn   | Place    | Note
--------------------------------------------------------------
     0 | D:1      | bryaneu, the Deep Elf Conjurer, began the quest for the Orb.
     0 | D:1      | Reached XP level 1. HP: 10/10 MP: 5/5
   145 | D:1      | Reached XP level 2. HP: 1/15 MP: 0/8
   694 | D:1      | Reached skill level 5 in Conjurations
  1087 | D:2      | Reached XP level 3. HP: 16/19 MP: 5/11
  1898 | D:3      | Noticed random's ghost (average MiFi)
  2241 | D:4      | Reached XP level 4. HP: 15/24 MP: 5/14
  2501 | D:4      | Found a staircase to the Ecumenical Temple.
  2702 | D:5      | Entered Level 5 of the Dungeon
  3232 | D:5      | Found a shattered altar of Ashenzari.
  3264 | D:5      | Reached XP level 5. HP: 28/28 MP: 12/18
  3634 | D:6      | Reached skill level 5 in Spellcasting
  3687 | D:6      | Noticed an ice beast
  3754 | D:6      | Noticed a centaur
  3865 | D:7      | Noticed Menkaure
  4003 | D:7      | Noticed Edmund
  4116 | D:7      | Noticed Ijyb
  4135 | D:7      | Killed Ijyb
  4135 | D:7      | Reached skill level 6 in Conjurations
  4337 | D:7      | Found an iron altar of Okawaru.
  4358 | D:7      | Noticed a sky beast
  4369 | D:7      | Found a radiant altar of Vehumet.
  4407 | D:7      | Noticed an ice beast
  4428 | D:8      | Noticed a black bear
  4437 | D:9      | Noticed an ogre
  4444 | D:9      | Noticed a centaur
  4452 | D:9      | Shot with an arrow of dispersal by a centaur

Action                   |  1- 3 |  4- 6 || total
-------------------------+-------+-------++-------
Melee: Short sword       |       |     2 ||     2
 Cast: Magic Dart        |    96 |   105 ||   201
  Use: Potion            |       |     1 ||     1
